 Dungeon Crawl Stone Soup version 0.24-a0-545-gd1b266bae6 (webtiles) character file.

Game seed: 5637622442297282200

5 Jannitor the Ducker (level 1, -39/11 HPs)
             Began as a Spriggan Abyssal Knight on Aug 18, 2019.
             Was a Follower of Lugonu.
             Killed from afar by an ancient lich (43 damage)
             ... with a poison arrow
             ... on level 1 of the Abyss.
             The game lasted 00:02:19 (479 turns).

Jannitor the Ducker (Spriggan Abyssal Knight)        Turns: 479, Time: 00:02:20

Health: -39/11     AC:  2    Str:  8    XL:     1   Next: 66%
Magic:  3/3        EV: 16    Int: 13    God:    Lugonu [*.....]
Gold:   0          SH:  5    Dex: 15    Spells: 0/0 levels left

rFire    . . .     SeeInvis +   a - +1 short sword
rCold    . . .     Gourm    .   d - +0 buckler
rNeg     . . .     Faith    .   b - +0 robe
rPois    .         Spirit   .   (helmet restricted)
rElec    .         Reflect  .   (no cloak)
rCorr    .         Harm     .   (gloves unavailable)
MR       .....                  (boots unavailable)
Stlth    +.........             (no amulet)
HPRegen  0.00/turn              (no ring)
MPRegen  0.08/turn              (no ring)

@: lethally poisoned (-39 -> -85), heavily drained, very quick
A: very small, unfitting armour, see invisible, herbivore, speed 3, [inhibited
regeneration], slow metabolism 2
a: Depart the Abyss, Renounce Religion


You were on level 1 of the Abyss.
You worshipped Lugonu.
Lugonu was aware of your devotion.
You were not hungry.

You visited 0 branches of the dungeon, and saw 0 of its levels.
You visited the Abyss 1 time.

Inventory:

Hand Weapons
 a - a +1 short sword (weapon)
Armour
 b - a +0 robe (worn)
 d - a +0 buckler (worn)
Jewellery
 f - an uncursed amulet of harm
Scrolls
 e - a scroll of amnesia
Comestibles
 c - a ration


   Skills:
 + Level 2.4(0.8) Fighting
 + Level 2.3(0.7) Short Blades
 + Level 3.6(1.9) Dodging
 + Level 0.7(0.0) Stealth
 + Level 0.1(0.0) Shields
 - Level 1.7(0.1) Invocations


You couldn't memorise any spells.
You didn't know any spells.
Your spell library was empty.

Dungeon Overview and Level Annotations

Branches:
Dungeon (0/15)

Altars:


Innate Abilities, Weirdness & Mutations

You are very small and have problems with some larger weapons.
You are too small for most types of armour.
You have supernaturally acute eyesight. (SInv)
You are a herbivore.
You cover ground extremely quickly.
You need to consume almost no food.
[You do not regenerate when monsters are visible.]


Message History

The ufetubus completely misses you. The ufetubus hits you.
The ufetubus closely misses you.
You miss the ufetubus. The ufetubus misses you. x2
You completely miss the ufetubus. The ufetubus barely misses you.
You block the ufetubus's attack. The ufetubus hits you. x2
Found a scale mail.
Found a gateway leading out of the Abyss.
A large abomination comes into view.
You aren't carrying any items that you can evoke.
Unknown command.
Unknown command.
As you read the scroll labeled YCKUAM HOGIER, it crumbles to dust.
It is a scroll of amnesia.
You feel forgetful for a moment.
An ancient lich comes into view.
The ancient lich shouts!
The ancient lich gestures at you while chanting.
The poison arrow hits you!!!
You are lethally poisoned!
Ouch! That really hurt!
You die...

..# # . .# ..##
#...#.#.#.
.#...##...##.#.#
..##....L.##...
.#......##....##
#.####.......#.#
X.#. .#..##....#
.#X#. #..##5.@.#
......##....###.#
#..#.#.......# #
.#.....##.##.#
.#.### ...# ##
##. ###... ....
#.... #..# .
#...## ##.#
###.###


You could see an ancient lich and an ufetubus.

Vanquished Creatures
  An ufetubus (Abyss:1)
1 creature vanquished.

Notes
Turn   | Place    | Note
-------+----------+-------------------------------------------
     0 | Abyss:1  | Jannitor the Spriggan Abyssal Knight began the quest for
                  | the Orb.
     0 | Abyss:1  | Reached XP level 1. HP: 11/11 MP: 3/3
    50 | Abyss:1  | Found a corrupted altar of Lugonu.
    95 | Abyss:1  | Noticed a hellwing
   127 | Abyss:1  | Noticed a wretched star
   226 | Abyss:1  | Noticed a large abomination
   231 | Abyss:1  | Noticed a large abomination
   236 | Abyss:1  | Noticed a hellwing
   237 | Abyss:1  | Noticed a smoke demon
   272 | Abyss:1  | Noticed a smoke demon
   282 | Abyss:1  | Noticed a neqoxec
   284 | Abyss:1  | Noticed an orange demon
   286 | Abyss:1  | Noticed a wraith
   289 | Abyss:1  | Noticed a large abomination
   295 | Abyss:1  | Noticed an ancient zyme
   298 | Abyss:1  | Noticed a small abomination
   302 | Abyss:1  | Noticed a small abomination
   329 | Abyss:1  | Noticed a small abomination
   334 | Abyss:1  | Noticed a large abomination
   335 | Abyss:1  | Noticed a large abomination
   375 | Abyss:1  | Noticed a starcursed mass
   378 | Abyss:1  | Noticed a wraith
   381 | Abyss:1  | Noticed a lorocyproca
   382 | Abyss:1  | Found a radiant altar of Vehumet.
   385 | Abyss:1  | Noticed a blink frog
   411 | Abyss:1  | Noticed a large abomination
   457 | Abyss:1  | Noticed a large abomination
   477 | Abyss:1  | Noticed an ancient lich
   479 | Abyss:1  | Killed from afar by an ancient lich

Levels and vault maps discovered:
Abyss:1

Action                   || total
-------------------------++-------
Melee: Short sword       ||     7
  Use: Scroll            ||     1
       Potion            ||     1
Dodge: Dodged            ||    12
Block: Buckler           ||     3

Table legend:
 A = Non-vault XP
 B = Vault XP
 C = Vault XP percentage of total XP
 D = Non-vault monster count
 E = Vault monster count
 F = Vault count percentage of total count
                 A         B        C        D         E       F
            +---------+---------+-------+---------+---------+-------
      Total |       8 |       0 |   0.0 |       1 |       0 |   0.0
            +---------+---------+-------+---------+---------+-------
    Abyss:1 |       8 |       0 |   0.0 |       1 |       0 |   0.0
            +---------+---------+-------+---------+---------+-------
